 Dungeon Crawl Stone Soup version 0.29-a0-43-g62a80824bf (webtiles) character file.

Game seed: 5289365696504750518

5275 bande the Cleaver (level 10, -1/56 HPs)
             Began as a Gargoyle Fighter on Feb 2, 2022.
             Was an Elder of Okawaru.
             Slain by a catoblepas (24 damage)
             ... on level 9 of the Dungeon on Feb 3, 2022.
             The game lasted 00:23:36 (9003 turns).

bande the Cleaver (Gargoyle Fighter)                Turns: 9003, Time: 00:23:38

Health: -1/56      AC: 20    Str: 21    XL:     10   Next: 63%
Magic:  15/15      EV:  7    Int:  9    God:    Okawaru [****..]
Gold:   411        SH:  6    Dex: 13    Spells: 9/9 levels left

rFire   + . .      SeeInvis .   z - +4 war axe "Lipaoh Muxo" {vorpal, Str+3}
rCold   . . .      Faith    .   c - +1 buckler
rNeg    + . .      Spirit   .   h - +0 chain mail
rPois   ∞          Reflect  .   F - +0 helmet
rElec   +          Harm     .   C - scarf {repulsion}
rCorr   .          Rampage  .   w - +0 pair of gloves
Will    .....                   (no boots)
Stlth   ..........              v - amulet of regeneration
HPRegen 0.98/turn               q - +4 ring of slaying
MPRegen 0.14/turn               y - ring of protection from fire

@: studying Crossbows, repel missiles
A: sickness immunity, AC +7, negative energy resistance 1, electricity
resistance, torment resistance 1, petrification resistance, frail 1, high MP 1,
weak 1
a: Renounce Religion, Heroism, Finesse


You were on level 9 of the Dungeon.
You worshipped Okawaru.
Okawaru was greatly pleased with you.
You visited 2 branches of the dungeon, and saw 10 of its levels.

You collected 411 gold pieces.

Inventory:

Hand Weapons
 a - a +1 war axe of freezing
 z - the +4 war axe "Lipaoh Muxo" (weapon) {vorpal, Str+3}
   (You found it on level 7 of the Dungeon)

   It inflicts extra damage upon your enemies.
   Str:       It affects your strength (+3).
 B - a +0 scimitar of flaming
Missiles
 E - 4 throwing nets (quivered)
Armour
 b - a +0 cloak
 c - a +1 buckler (worn)
 h - a +0 chain mail (worn)
 w - a +0 pair of gloves (worn)
 A - an orb of mayhem
 C - a scarf of repulsion (worn)
 F - a +0 helmet (worn)
Jewellery
 j - a ring of ice
 q - a +4 ring of slaying (left hand)
 t - an amulet of faith
 v - an amulet of regeneration (around neck)
 x - a ring of ice
 y - a ring of protection from fire (right hand)
 H - a ring of willpower
Wands
 k - a wand of flame (23)
Scrolls
 i - 2 scrolls of teleportation
 m - 4 scrolls of identify
 n - 4 scrolls of fog
 p - a scroll of magic mapping
 s - a scroll of brand weapon
 G - 2 scrolls of amnesia
Potions
 d - 2 potions of might
 e - 2 potions of ambrosia
 f - 4 potions of flight
 g - 4 potions of curing
 l - a potion of brilliance
 o - a potion of invisibility {unknown}
 r - 3 potions of heal wounds
 u - a potion of haste {unknown}
 D - a potion of mutation


   Skills:
 + Level 7.1 Fighting
 + Level 9.3 Axes
 + Level 7.6 Armour
 + Level 5.5 Shields
 + Level 0.4 Unarmed Combat
 * Level 4.9 Invocations
 * Level 4.7 Evocations


You had 9 spell levels left.
You didn't know any spells.
Your spell library contained the following spells:

 Spells                   Type           Power      Damage    Failure   Level
 Sandblast                Erth           0%         2d4       98%         1
 Blink                    Tloc           0%         N/A       99%         2
 Ensorcelled Hibernation  Hex/Ice        0%         N/A       99%         2
 Passwall                 Tmut/Erth      0%         N/A       99%         2
 Conjure Flame            Conj/Fire      0%         6-21      100%        3
 Ignite Poison            Fire/Tmut/Pois 0%         N/A       100%        3
 Lesser Beckoning         Tloc           0%         N/A       100%        3
 Spider Form              Tmut/Pois      0%         N/A       100%        3
 Stone Arrow              Conj/Erth      0%         3d7       100%        3
 Anguish                  Hex/Necr       0%         N/A       100%        4
 Olgreb's Toxic Radiance  Pois           0%         N/A       100%        4
 Sticky Flame             Conj/Fire      0%         2d3       100%        4
 Blade Hands              Tmut           0%         N/A       100%        5
 Iskenderun's Battlesphe  Conj           0%         2d6       100%        5
 Manifold Assault         Tloc           0%         N/A       100%        5
 Iron Shot                Conj/Erth      0%         9d1       100%        6
 Ozocubu's Refrigeration  Ice            0%         4d5       100%        7
 Ignition                 Fire           0%         3d3       100%        8
 Animate Armour           Summ/Erth      Unusable   N/A       N/A         4
 Spellforged Servitor     Conj/Summ      Unusable   N/A       N/A         7

Dungeon Overview and Level Annotations

Branches:
Dungeon (9/15)             Temple (1/1) D:7
   Lair: D:8-11         Orc: D:9-12

Altars:
Ashenzari
Cheibriados
Elyvilon
Fedhas
Gozag
Hepliaklqana
Kikubaaqudgha
Nemelex Xobeh
Okawaru
Qazlal
Ru
Sif Muna
Trog
Uskayaw
Vehumet
Wu Jian
Xom
Yredelemnul
The Shining One

Shops:
D:5 [   D:7 (

Annotations:
D:3 2 transporters


Innate Abilities, Weirdness & Mutations

You are immune to sickness and miasma.
Your stone body is resilient. (AC +7)
You are immune to poison.
You resist negative energy. (rN+)
You are resistant to electric shocks. (rElec)
You are resistant to unholy torment.
You are immune to petrification.
You are frail. (-10% HP)
You have an increased reservoir of magic. (+10% MP)
You are weak. (Str -2)


Message History

A boulder beetle comes into view.
The boulder beetle leaps!
The boulder beetle moves out of view.
Found seven items.
There are monsters nearby!
Unknown command.
The boggart gestures wildly while chanting.
You barely miss the boggart.
The boggart hits you but does no damage.
The boggart mumbles some strange words.
You closely miss the boggart.
The boggart casts a spell.
The boggart flickers and vanishes!
Deactivating autopickup; reactivate with Ctrl-A.
You barely miss something.
You hear some strange, mumbled words.
You completely miss something. Something hits you but does no damage.
You closely miss something.
You hear some strange, mumbled words. x2
You slash something! Okawaru accepts your kill.
Reactivating autopickup.
The water moccasin dissolves into shadows!
The centaur dissolves into shadows!
You feel a bit more experienced.
No target in view!
No target in view!
No target in view!
No target in view!
No target in view!
You start waiting.
A catoblepas is nearby!
A catoblepas is nearby!
You hit the catoblepas.
The catoblepas is lightly wounded.
The catoblepas gores you!!
You hit the catoblepas.
The catoblepas is lightly wounded.
The catoblepas gores you!
The catoblepas breathes in.
The catoblepas gores you!!
You die...

.#.#.####+#..##
#.#.## ###.####
.#### #....# # ##
###.#..# ##) .B#
#..##.#.# y.:##T#
#.#..# # ##Y|[.#
##.##.# ### ##.y#
#.#Y##.# ..###
##g# ##.#@# #
....####..###g.###
.###..###'#.y###
.#?#....##..##
)#.#......###
...#....###
####..### ....###
..### .


You could see a catoblepas.

Vanquished Creatures
  Harold (D:8)
  A centaur warrior (D:9)
  Maggie (D:7)
  Psyche (D:7)
  A wyvern (D:8)
  A steam dragon (D:8)
  Menkaure (D:7)
  Duvessa (D:6)
  An acid dragon (D:9)
  2 water moccasins
  A black bear (D:8)
  A hornet zombie (D:7)
  2 sky beasts
  2 orc warriors
  An ice beast (D:7)
  A necrophage (Temple)
  A boggart (D:9)
  2 centaurs
  A phantom (D:6)
  2 kobold brigands
  A scorpion (D:3)
  A bullfrog (D:9)
  3 killer bees (D:8)
  2 wyvern skeletons (D:7)
  Dowan (D:6)
  3 howler monkeys
  4 wights (D:7)
  5 jellies
  2 bullfrog skeletons
  2 gnoll shamans
  2 orc priests
  3 iguanas
  5 orc wizards
  A scorpion zombie (D:5)
  A hound skeleton (D:5)
  4 gnolls
  A howler monkey skeleton (D:6)
  10 adders
  2 shadow imps (D:7)
  A white imp (D:7)
  2 ufetubi
  The ghost of arthad the Sneak, a weakling GrDe (D:5)
  3 dart slugs (D:1)
  19 orcs
  5 endoplasms
  4 giant cockroaches
  6 hobgoblins
  4 jackals
  6 quokkas
  13 ball pythons
  7 bats
  6 frilled lizards
  8 goblins
  12 kobolds
  6 rats
181 creatures vanquished.

Vanquished Creatures (others)
  4 plants (D:1)
4 creatures vanquished.

Grand Total: 185 creatures vanquished

Notes
Turn   | Place    | Note
-------+----------+-------------------------------------------
     0 | D:1      | bande the Gargoyle Fighter began the quest for the Orb.
     0 | D:1      | Reached XP level 1. HP: 14/14 MP: 1/1
   120 | D:1      | Reached skill level 2 in Axes
   120 | D:1      | Reached XP level 2. HP: 19/19 MP: 2/2
   639 | D:1      | Reached XP level 3. HP: 23/23 MP: 3/3
  1798 | D:2      | Reached XP level 4. HP: 29/29 MP: 4/4
  1883 | D:2      | Reached skill level 3 in Axes
  2359 | D:3      | Noticed a scorpion
  2370 | D:3      | Killed a scorpion
  2371 | D:3      | Reached XP level 5. HP: 18/33 MP: 5/5
  2565 | D:3      | Found a transporter.
  2830 | D:3      | Found a faded altar of an unknown god.
  2969 | D:3      | Reached skill level 4 in Axes
  2999 | D:3      | Found a sparkling altar of Nemelex Xobeh.
  3000 | D:3      | Found a hazy altar of Hepliaklqana.
  3014 | D:3      | Found a transporter.
  3405 | D:4      | Reached XP level 6. HP: 27/38 MP: 6/6
  4104 | D:5      | Entered Level 5 of the Dungeon
  4128 | D:5      | Found Wuull's Antique Armour Emporium.
  4164 | D:5      | Found a runed translucent door.
  4461 | D:5      | Reached skill level 5 in Axes
  4461 | D:5      | Reached XP level 7. HP: 42/44 MP: 7/7
  4649 | D:5      | Noticed arthad's ghost (weakling GrDe)
  4894 | D:5      | Killed arthad's ghost
  5016 | D:6      | Reached skill level 5 in Armour
  5084 | D:6      | Found a sacrificial altar of Ru.
  5187 | D:6      | Reached skill level 6 in Axes
  5224 | D:6      | Reached skill level 5 in Fighting
  5224 | D:6      | Reached XP level 8. HP: 49/49 MP: 8/8
  5617 | D:6      | Noticed Duvessa
  5617 | D:6      | Noticed Dowan
  5628 | D:6      | Killed Dowan
  5629 | D:6      | Reached skill level 1 in Evocations
  5632 | D:6      | Killed Duvessa
  5778 | D:7      | Found a staircase to the Ecumenical Temple.
  5788 | Temple   | Entered the Ecumenical Temple
  5902 | Temple   | Became a worshipper of Warmaster Okawaru
  5918 | D:7      | Reached skill level 7 in Axes
  5926 | D:7      | Reached skill level 1 in Invocations
  6160 | D:7      | Identified the +10 falchion of Lust {spect, Int+7}
  6396 | D:7      | Found Alatargh's Weapon Emporium.
  6574 | D:7      | Noticed Maggie
  6575 | D:7      | Reached XP level 9. HP: 45/55 MP: 10/10
  6829 | D:7      | Killed Maggie
  6829 | D:7      | Reached * piety under Okawaru
  6976 | D:7      | Noticed Menkaure
  6986 | D:7      | Killed Menkaure
  6991 | D:7      | Gained mutation: You are dopey. (Int -2) [potion of
                  | mutation]
  7007 | D:7      | Lost mutation: You are dopey. (Int -2) [potion of mutation]
  7007 | D:7      | Gained mutation: Your spells are a little easier to cast,
                  | but a little less powerful. [potion of mutation]
  7082 | D:7      | Reached skill level 8 in Axes
  7132 | D:7      | Identified the +4 war axe "Lipaoh Muxo" {vorpal, Str+3}
  7646 | D:7      | Reached skill level 5 in Shields
  7763 | D:7      | Lost mutation: Your spells are a little easier to cast, but
                  | a little less powerful. [potion of mutation]
  7763 | D:7      | Gained mutation: You are weak. (Str -2) [potion of
                  | mutation]
  7763 | D:7      | Gained mutation: You have an increased reservoir of magic.
                  | (+10% MP) [potion of mutation]
  7763 | D:7      | Gained mutation: You are frail. (-10% HP) [potion of
                  | mutation]
  7801 | D:8      | Noticed Psyche
  7813 | D:7      | HP: 2/49 [Psyche (17)]
  7836 | D:7      | Killed Psyche
  7836 | D:7      | Reached ** piety under Okawaru
  8000 | D:8      | Reached XP level 10. HP: 54/54 MP: 14/14
  8022 | D:8      | Noticed Harold
  8030 | D:8      | Killed Harold
  8030 | D:8      | Reached *** piety under Okawaru
  8288 | D:8      | Reached skill level 9 in Axes
  8944 | D:9      | Noticed a centaur warrior
  8954 | D:9      | Killed a centaur warrior
  8954 | D:9      | Reached **** piety under Okawaru
  8986 | D:9      | Noticed a catoblepas
  8986 | D:9      | Noticed a boulder beetle
  8986 | D:9      | Noticed a boulder beetle
  9003 | D:9      | Slain by a catoblepas

Illustrated notes

Levels and vault maps discovered:
D:1:      lemuel_arrival_muddy, layout_loops_ring, minmay_indecisive_spiral
D:2:      layout_basic, kennysheep_potato
D:3:      gammafunk_steamed_eel, layout_loops_ring,
          mainiacjoe_overflow_divided_tiny, ebering_ecumenical_altar_sacrificial
D:4:      cheibrodos_helix_gallery, layout_loops_ring
D:5:      layout_basic, serial_shops, nicolae_shop_crystal,
          ebering_ghost_sewer_d
D:6:      layout_basic, nicolae_ru_great_annihilating_truth,
          minmay_misc_feat_tower, uniq_duvessa
D:7:      layout_basic, minmay_temple_entry_ruins, serial_shops,
          nicolae_shop_behind_doors, minmay_manual_mandibuliform, uniq_maggie,
          uniq_menkaure
D:8:      layout_rooms, dk_noncrumbling_4, uniq_harold, uniq_psyche
D:9:      minmay_the_grid_triangle_9x9_recursive_2
          [minmay_the_grid_triangle_9x9_prize_insulated,
          minmay_the_grid_triangle_9x9_intruding_spiral,
          minmay_the_grid_triangle_9x9_checkered,
          minmay_the_grid_triangle_9x9_corruption], layout_basic
Temple:   mainiacjoe_temple_bowtie_tessellation

Skill      XL: |  1  2  3  4  5  6  7  8  9 10 |
---------------+-------------------------------+-----
Axes           | 2 3 4 5 6 7 8 9 |  9.3
Fighting       | 4 5 6 7 |  7.1
Armour         | 4 5 6 7 |  7.6
Shields        | 4 5 |  5.5
Evocations     | 2 3 4 |  4.7
Invocations    | 1 3 4 |  4.9
Unarmed Combat | |  0.4

Action                   |  1- 3 |  4- 6 |  7- 9 | 10-12 || total
-------------------------+-------+-------+-------+-------++-------
Melee: War axe           |   132 |   142 |   228 |    51 ||   553
       Unarmed           |       |       |     3 |       ||     3
  Use: Scroll            |     4 |     5 |     7 |     2 ||    18
       Potion            |       |       |     4 |       ||     4
Armor: Scale mail        |    80 |       |       |       ||    80
       Chain mail        |    18 |    88 |   169 |    27 ||   302
       Skin              |       |       |     4 |       ||     4
Dodge: Dodged            |    67 |    46 |    91 |    11 ||   215
       Repelled          |       |       |       |     1 ||     1
Block: Buckler           |    20 |    29 |    72 |    10 ||   131

Table legend: (Time is in decaauts)
 A = Elapsed time spent in this place.
 B = Non-inter-level travel time spent in this place.
 C = Inter-level travel time spent in this place.
 D = Time resting spent in this place.
 E = Time spent auto-exploring this place.
 F = Levels seen in this place.
 G = Mean time per level.
                   A        B        C        D        E       F      G
               +--------+--------+--------+--------+--------+-----+--------+
         Total |   9171 |   8962 |    209 |   1086 |   5743 |  10 |  917.1 |
       Dungeon |   8695 |   8495 |    200 |    778 |   5654 |   9 |  966.1 |
        Temple |    475 |    466 |      9 |    308 |     89 |   1 |  475.0 |
               +--------+--------+--------+--------+--------+-----+--------+

Top non-repeatable levels by time:
     D:7: 1662 daAuts
     D:1: 1312 daAuts
     D:2: 1075 daAuts
     D:3: 1005 daAuts
     D:5: 875 daAuts
     D:6: 824 daAuts
     D:4: 807 daAuts
     D:8: 573 daAuts
     D:9: 558 daAuts
  Temple: 475 daAuts
